 Dungeon Sprint DCSS version 0.16-a0-3841-g2612308 (console) character file.

24 Monkaria the Cleaver (level 4, 0/67 HPs)
             Began as a Hill Orc Fighter on Jan 30, 2015.
             Was a Believer of Makhleb.
             Slain by a killer bee (11 damage)
             ... in the Dungeon (Sprint VI: "Thunderdome").
             The game lasted 00:03:10 (306 turns).

Monkaria the Cleaver (Hill Orc Fighter)              Turns: 306, Time: 00:03:11

Health: 0/67       AC:  6    Str: 34    XL:     4   Next: 24%
Magic:  0/0        EV:  7    Int:  4    God:    Makhleb [**....]
Gold:   60         SH: 11    Dex: 14    Spells: 0 memorised, 3 levels left

rFire  . . .     SeeInvis +     a - +0 war axe
rCold  + . .     Clarity  .     b - +0 scale mail
rNeg   + . .     SustAb   .     c - +0 shield
rPois  .         Gourm    .     (no helmet)
rElec  +         Spirit   .     (no cloak)
rCorr  .         Warding  .     (no gloves)
rMut   .         NoTele   +     (no boots)
MR     .....                    (no amulet)
Stlth  ..........               s - ring "Reimucro" {rF+ MP-9 Str+6 Dex+4 SInv}
                                r - ring "Kissuog" {Ice rElec rN+ Str+4 Int-4}

@: berserking, lethally poisoned, very quick, not resistant to hostile
enchantments, extremely unstealthy
A: no striking features
a: Minor Destruction, Renounce Religion


You were in the Dungeon.
You worshipped Makhleb.
Makhleb was pleased with you.
You were not hungry.

You visited 1 branch You collected 240 gold pieces.
You spent 180 gold pieces at shops.

Inventory:

Hand weapons
 a - a +0 war axe (weapon)
Armour
 b - a +0 scale mail (worn)
 c - a +0 shield (worn)
Jewellery
 p - the ring "Scheaseg" {+Fly rF+ Dex-2 Stlth-}
   (You bought it in a shop in the Dungeon)

   [ring of loudness]

   It affects your dexterity (-2).
   It protects you from fire.
   It lets you fly.
   It makes you less stealthy.
 q - the amulet of Propriety {Stasis +Inv MP+9 Dex-2}
   (You bought it in a shop in the Dungeon)

   [amulet of stasis]

   It prevents you from being teleported, slowed, hasted or paralysed.
   It affects your dexterity (-2).
   It affects your magic capacity (+9).
   It lets you turn invisible.
 r - the ring "Kissuog" (left hand) {Ice rElec rN+ Str+4 Int-4}
   (You bought it in a shop in the Dungeon)

   [ring of ice]

   It enhances your ice magic, and weakens your fire magic.
   It affects your strength (+4).
   It affects your intelligence (-4).
   It makes you vulnerable to fire.
   It protects you from cold.
   It insulates you from electricity.
   It protects you from negative energy.
 s - the ring "Reimucro" (right hand) {rF+ MP-9 Str+6 Dex+4 SInv}
   (You bought it in a shop in the Dungeon)

   [ring of see invisible]

   It affects your strength (+6).
   It affects your dexterity (+4).
   It protects you from fire.
   It affects your magic capacity (-9).
   It enhances your eyesight.
Magical devices
 m - a wand of cold (3)
 n - a wand of fire (3)
Scrolls
 k - 4 scrolls of blinking
 o - 3 scrolls of fog
Potions
 e - a potion of might
 g - 2 potions of heal wounds
 h - 4 potions of haste
 i - 2 potions of magic
 l - a potion of resistance
Comestibles
 d - a meat ration


   Skills:
 + Level 6.5 Fighting
 * Level 8.9 Axes
 - Level 3.2 Armour
 - Level 3.2 Shields


You had 3 spell levels left.
You didn't know any spells.

Dungeon Overview and Level Annotations

Branches:
Dungeon (1/1)

Altars:
Cheibriados
Dithmenos
Elyvilon
Fedhas
Gozag
Kikubaaqudgha
Makhleb
Nemelex Xobeh
Okawaru
Qazlal
Ru
Sif Muna
Trog
Vehumet
Xom
Yredelemnul
Zin
The Shining One
Jiyva
Lugonu

Shops:
D *[%??*?*:[((!!!!


Message History

You feel very sick. The killer bee stings you.
You block the killer bee's attack. You block the queen bee's attack.
The killer bee stings you.
You barely miss the killer bee. You closely miss the queen bee.
The queen bee is heavily wounded.
You feel sick. You block the killer bee's attack.
You block the queen bee's attack. The killer bee stings you.
You closely miss the killer bee. You barely miss the queen bee.
The queen bee is heavily wounded.
You feel sick. You block the killer bee's attack.
The killer bee stings you but does no damage.
The queen bee stings you!
* * * LOW HITPOINT WARNING * * *
You slash the killer bee!
The killer bee is severely wounded.
You barely miss the queen bee.
The queen bee is heavily wounded.
* * * LOW HITPOINT WARNING * * *
You feel sick. The killer bee stings you!
You die...

#∩.......∩# #_......._#
#........_# #_......._#
###.........###
#⌠...........⌠#
######.8.........8.######
#∩_._......###......___∩##
∩........8.# #.8@y......∩#
...).......###.y...........
........###...###..........⌠
......†.# #.<.# #..........⌠
†.......###...###..........⌠
..........†###.............#
∩....)...8.# #.8........∩###
#∩___......###......_._∩##
######.8.........8.######


You could see a queen bee and a killer bee (berserk).

Vanquished Creatures
  2 jellies (D)
  3 oozes (D)
  A goblin (D)
  A hobgoblin (D)
  3 kobolds (D)
10 creatures vanquished.

Notes
Turn   | Place    | Note
--------------------------------------------------------------
     0 | D        | Monkaria, the Hill Orc Fighter, began the quest for the Orb.
     0 | D        | Reached XP level 1. HP: 19/19 MP: 1/1
     1 | D        | Found a white marble altar of Elyvilon.
     1 | D        | Found a shimmering altar of Xom.
     2 | D        | Found a bloodstained altar of Trog.
     2 | D        | Found a burning altar of Makhleb.
     3 | D        | Found a shadowy altar of Dithmenos.
     3 | D        | Found a glowing golden altar of the Shining One.
     4 | D        | Found a deep blue altar of Sif Muna.
     4 | D        | Found Uxkeol's Staff Store.
     4 | D        | Found Pnoazuch's Must-Have Magic.
     5 | D        | Found Osanuaf's Distillery.
     5 | D        | Round 1.
     8 | D        | Found Schofaomm's Magic Scroll Shop.
     9 | D        | Found an iron altar of Okawaru.
     9 | D        | Found Ahoaxzom's Magic Scroll Shop.
    16 | D        | Reached skill level 4 in Fighting
    32 | D        | Found a sacrificial altar of Ru.
    36 | D        | Found a stormy altar of Qazlal.
    36 | D        | Found Komoato's Bee Food.
    36 | D        | Found Lezxium's Jewellery.
    37 | D        | Found a glowing silver altar of Zin.
    38 | D        | Noticed a jelly
    38 | D        | Found Wuasas' Advanced Armour.
    38 | D        | Found an opulent altar of Gozag.
    39 | D        | Found an ancient bone altar of Kikubaaqudgha.
    40 | D        | Found Mniantegh's Identification Station.
    43 | D        | Bought a shimmering amber ring for 45 gold pieces
    43 | D        | Identified the ring "Scheaseg" {+Fly rF+ Dex-2 Stlth-} (You bought it in a shop in the Dungeon)
    45 | D        | Killed a jelly
    45 | D        | Reached skill level 5 in Fighting
    45 | D        | Reached skill level 6 in Axes
    45 | D        | Reached XP level 2. HP: 21/29 MP: 2/2
    45 | D        | Reached XP level 3. HP: 26/36 MP: 3/3
    49 | D        | Bought a crude bone amulet for 45 gold pieces
    49 | D        | Bought a pitted bone ring for 45 gold pieces
    49 | D        | Bought a brightly glowing iron ring for 45 gold pieces
    49 | D        | Identified the amulet of Propriety {Stasis +Inv MP+9 Dex-2} (You bought it in a shop in the Dungeon)
    50 | D        | Identified the ring "Kissuog" {Ice rElec rN+ Str+4 Int-4} (You bought it in a shop in the Dungeon)
    51 | D        | Identified the ring "Reimucro" {rF+ MP-9 Str+6 Dex+4 SInv} (You bought it in a shop in the Dungeon)
    64 | D        | Found a blossoming altar of Fedhas.
    65 | D        | Found a snail-covered altar of Cheibriados.
    65 | D        | Found Osiuf's Premium Goods.
    66 | D        | Found Dioss' Miscellaneous Merchandise.
    67 | D        | Found a radiant altar of Vehumet.
    67 | D        | Found a basalt altar of Yredelemnul.
    67 | D        | Found a corrupted altar of Lugonu.
    68 | D        | Found Etez's Weapon Rack.
    68 | D        | Found Trad's Basic Armour.
    84 | D        | Found a viscous altar of Jiyva.
    86 | D        | Found a sparkling altar of Nemelex Xobeh.
    86 | D        | Found Cawk's Do-It-Yourself Clinic.
    86 | D        | Found Siruagam's Bottled Wisdom.
    88 | D        | Found Puimut's Distillery.
    90 | D        | Reached skill level 7 in Axes
    94 | D        | Reached skill level 8 in Axes
    94 | D        | Reached XP level 4. HP: 33/45 MP: 0/4
   107 | D        | Became a worshipper of Makhleb the Destroyer
   118 | D        | Arena points: 12 (+12) [x2]
   144 | D        | Round 2.
   165 | D        | Acquired Makhleb's first power
   221 | D        | Acquired Makhleb's second power
   264 | D        | Arena points: 24 (+12) [x1]
   279 | D        | Round 3.
   288 | D        | Noticed a queen bee
   306 | D        | Slain by a killer bee

Action                   |  1- 3 |  4- 6 || total
-------------------------+-------+-------++-------
Melee: War axe           |    13 |    22 ||    35
Evoke: Wand              |       |     4 ||     4
  Use: Potion            |       |     4 ||     4
